 Dungeon Crawl Stone Soup version 0.14-a0-852-g0ba292f (webtiles) character file.

77739 MackTheKnife the Spry (level 15, -1/128 HPs)
             Began as a Mottled Draconian Monk on Nov 15, 2013.
             Was the Champion of Makhleb.
             Slain by a stone giant (34 damage)
             ... on Level 1 of the Abyss.
             The game lasted 01:27:28 (31170 turns).

MackTheKnife the Spry (Mottled Draconian Monk)     Turns: 31170, Time: 01:27:28

HP  -1/128       AC 18     Str 16      XL: 15   Next: 11%
MP  28/28        EV 29     Int 13 (14) God: Makhleb [******]
Gold 1645        SH 17     Dex 25      Spells:  0 memorised, 14 levels left

Res.Fire  : . . .   See Invis. : .     - Unarmed
Res.Cold  : + + .   Warding    : .   (armour unavailable)
Life Prot.: . . .   Conserve   : .   N - +2 buckler {AC+3}
Res.Poison: +       Res.Corr.  : .   V - +1 cap of Niduiwou {rPois rC+ Curse}
Res.Elec. : .       Clarity    : +   d - +1 cloak {rPois}
Sust.Abil.: . .     Spirit.Shd : .   (no gloves)
Res.Mut.  : .       Stasis     : .   v - +2 pair of boots {run}
Res.Rott. : .       Flight     : .   j - amulet of clarity
Saprovore : . . .                    k - ring "Peluoluo" {Regen Dex+2 Int+3}
                                     p - ring of Salvation {rC+ Str+3 Dex+3 Dam+2}

@: short of breath, studying Dodging, quick, somewhat resistant to hostile
enchantments, stealthy
A: breathe sticky flames, unfitting armour, AC +9
a: Breathe Sticky Flame, Minor Destruction, Lesser Servant of Makhleb, Major
Destruction, Greater Servant of Makhleb, Renounce Religion


You were on level 1 of the Abyss.
You worshipped Makhleb.
Makhleb was exalted by your worship.
You were not hungry.

You visited 4 branches of the dungeon, and saw 26 of its levels.
You visited the Abyss 1 time.
You also visited: Labyrinth, Ossuary and Ice Cave.

You collected 3094 gold pieces.
You spent 1449 gold pieces at shops.


   Skills:
 - Level 13.0 Fighting
 + Level 15.2 Dodging
 - Level 1.7 Stealth
 - Level 7.6 Shields
 - Level 15.0 Unarmed Combat
 - Level 10.0 Invocations


You had 14 spell levels left.
You didn't know any spells.

Inventory:

Armour
 d - a +1 cloak of poison resistance (worn)
 v - a +2 pair of boots of running (worn)
 N - a +2 buckler of protection (worn)
 V - the +1 cap of Niduiwou (worn) {rPois rC+ Curse}
   (You found it on level 2 of the Lair of Beasts)

   It protects you from cold.
   It protects you from poison.
   It may recurse itself.
Magical devices
 e - a wand of disintegration (3)
 h - a wand of magic darts (4)
 s - a wand of enslavement (12)
 C - a wand of digging (15)
 E - a wand of paralysis (2)
 G - a wand of teleportation (4)
Comestibles
 b - 3 bread rations
 f - 3 pears
 r - a royal jelly
 A - 4 apples
 M - 2 meat rations
 W - 4 chokos
Scrolls
 a - a scroll of magic mapping
 g - 6 scrolls of remove curse
 i - a scroll of holy word
 n - 3 scrolls of fear
 B - a scroll of fog
 H - a scroll of identify
 K - a scroll of teleportation
Jewellery
 j - an amulet of clarity (around neck)
 k - the ring "Peluoluo" (right hand) {Regen Dex+2 Int+3}
   (You found it in a labyrinth)

   [ring of regeneration]

   It affects your intelligence (+3).
   It affects your dexterity (+2).
 o - the ring "Scheem" {Int+1 SInv}
   (You found it in an ice cave)

   [ring of see invisible]

   It affects your intelligence (+1).
 p - the ring of Salvation (left hand) {rC+ Str+3 Dex+3 Dam+2}
   (You found it in an ice cave)

   [ring of dexterity]

   It affects your dexterity (+3).
   It affects your strength (+3).
   It affects your damage-dealing abilities (+2).
   It protects you from cold.
 u - a +6 ring of evasion
 I - an uncursed ring of sustenance {unknown}
 J - an uncursed amulet of rage {unknown}
 P - an uncursed ring of protection from cold
Potions
 l - 2 potions of brilliance
 m - 4 potions of curing
 w - 4 potions of heal wounds
 x - 2 potions of restore abilities
 z - a potion of resistance
 D - 2 potions of agility
 F - a potion of flight
 L - 3 potions of might
 O - 2 potions of berserk rage
 S - a potion of magic
Books
 y - a manual of Dodging {!d}
Miscellaneous
 c - a fan of gales
Rods
 q - a +4 rod of demonology (11/11) {!a}
   (You found it in a labyrinth)
 t - a +4 rod of destruction (9/9) {!a}
   (You found it in a labyrinth)

▒·······▒ ▒▒·
▒ ▒▒ ▒▒▒ ·
·▒▒·· ▒▒···
▒▒' ▒····▒·▒·▒
·▒ ·····▒·· ·
▒ ▒▒▒··▒▒▒Z▒
▒▒··· ▒···▒▒·▒
▒▒C▒···▒
▒▒▒▒··▒·
·▒d··▒
▒▒······▒3▒▒
▒······(▒▒·▒
·▒·▒·▒··▒▒··
▒·▒▒··>··▒#·▒·
▒▒▒·▒·▒·▒▒#··
· ▒···▒·▒ ·
▒·▒···· ▒▒▒
···


You could see a stone giant, a chaos spawn and a guardian serpent zombie.


Message History

The splash of liquid fire hits the stone giant.
The stone giant appears unharmed.
The stone giant is moderately wounded.
The stone giant is covered in liquid flames!
You feel somewhat more hungry.
The stone giant burns!
The chaos spawn misses you. You block the stone giant's attack.
Unknown command.
Unknown command.
You punch the stone giant!
The stone giant is heavily wounded.
The stone giant burns!
The chaos spawn misses you. The stone giant completely misses you.
A thrashing horror comes into view.
You hit the stone giant.
You tail-slap the stone giant, but do no damage.
The stone giant is severely wounded.
The stone giant burns!
The chaos spawn completely misses you.
You hit the stone giant but do no damage.
You tail-slap the stone giant.
The stone giant is severely wounded.
The stone giant burns!
The stone giant hits you!
* * * LOW HITPOINT WARNING * * *
The chaos spawn completely misses you.
You punch the stone giant!
The stone giant is severely wounded.
You block the stone giant's attack. You block the chaos spawn's attack.
You hit the stone giant.
The stone giant is almost dead.
The stone giant burns!
The stone giant stops burning.
The stone giant hits you!
You die...

Action                   |  1- 3 |  4- 6 |  7- 9 | 10-12 | 13-15 || total
-------------------------+-------+-------+-------+-------+-------++-------
Melee: Unarmed           |   105 |   351 |   666 |  1403 |  1768 ||  4293
Invok: Lesser Servant of |       |       |       |     4 |    18 ||    22
       Minor Destruction |       |       |       |     1 |     2 ||     3
       Greater Servant o |       |       |       |       |     4 ||     4
 Abil: Breathe Sticky Fl |       |       |    18 |    50 |    41 ||   109
Evoke: Wand              |     1 |     4 |     6 |    31 |    10 ||    52
  Use: Scroll            |     4 |     4 |    13 |    12 |    19 ||    52
       Potion            |       |     1 |    10 |       |     5 ||    16
 Stab: Sleeping          |     2 |     3 |     2 |     8 |    10 ||    25
       Distracted        |       |       |       |     4 |     9 ||    13

Vault maps used:
D:1:      dpeg_entry_rooms_b
D:2:      old_standard_altar, uniq_jessica
D:3:      first_bread, uniq_iyjb, uniq_sigmund
D:5:      infiniplex_staircase_squiggle, nrook_uturn, mrwooster_statue_mirror,
          minmay_lizard_king
D:6:      david_orc_2, serial_shops, shop, shop, shop, uniq_crazy_yiuf_cottage
D:7:      temple_pool_b, basic_altar, uniq_edmund, uniq_pikel
D:8:      overflow_temple_1_default, enter_ossuary_3, hangedman_ranch,
          lemuel_hellish_altar
D:9:      infiniplex_staircase_zigzag_5, lemuel_doored_altar,
          dk_rats_in_the_wall
D:10:     min_item_tele_traps, uniq_psyche
D:11:     lair_0_dummy
D:12:     minmay_orc_keep, uniq_nessos, uniq_grum, uniq_fannar
D:13:     uniq_sonja, uniq_maurice
Temple:   circular_temple_12
Orc:2:    basic_altar, serial_shops, shop, uniq_urug
Orc:3:    bh_open_orc_temple
Orc:4:    lab_entry_generic, st_orc_elflike, elves_outpost_lemuel
Lair:3:   minmay_shoals_entry_hut, minmay_snake_entry_guardpost_small,
          special_room
Lair:4:   hibernation_bobbens, uniq_nergalle
Lair:5:   serial_bayou_lake_a
Lair:6:   slime_dummy, infiniplex_staircase_pool
Lair:7:   enter_volcano_3
Lair:8:   hangedman_lair_in_review, kennels,
          portal_ice_cave_entry_animals_and_master, dpeg oklob_1
Lab:      nicolae_lab_plus, labyrinth_skeletal_remains
Ossuary:  ossuary_tomb_1
IceCv:    ice_cave_small_dragons

Notes
Turn   | Place    | Note
--------------------------------------------------------------
     0 | D:1      | MackTheKnife, the Draconian Monk, began the quest for the Orb.
     0 | D:1      | Reached XP level 1. HP: 17/17 MP: 0/0
   172 | D:1      | HP: 1/17 [poisoned by a goblin]
   522 | D:1      | Reached skill level 3 in Dodging
   614 | D:1      | Reached XP level 2. HP: 21/24 MP: 1/1
  1096 | D:2      | Noticed Jessica
  1114 | D:2      | Reached XP level 3. HP: 21/30 MP: 2/2
  1124 | D:2      | Killed Jessica
  1124 | D:2      | Reached skill level 4 in Fighting
  1503 | D:2      | Found a deep blue altar of Sif Muna.
  1513 | D:2      | Reached XP level 4. HP: 38/38 MP: 3/3
  1844 | D:3      | Noticed Ijyb
  1872 | D:2      | Killed Ijyb
  1999 | D:3      | Noticed Sigmund
  2122 | D:3      | Reached skill level 4 in Dodging
  2756 | D:4      | Noticed a phantom
  2826 | D:4      | Reached XP level 5. HP: 36/45 MP: 4/4
  3065 | D:4      | Reached skill level 5 in Fighting
  3446 | D:5      | Entered Level 5 of the Dungeon
  3685 | D:5      | Noticed a centaur
  3698 | D:5      | Killed a centaur
  3698 | D:5      | Reached skill level 5 in Unarmed Combat
  3698 | D:5      | Reached XP level 6. HP: 24/52 MP: 5/5
  5096 | D:6      | HP: 5/52 [wight/runed flail (12)]
  5407 | D:6      | Reached skill level 5 in Dodging
  5407 | D:6      | Your scales start taking on a weird mottled pattern.
  5407 | D:6      | Reached XP level 7. HP: 41/59 MP: 6/6
  5546 | D:6      | Found Mnai's Assorted Antiques.
  5553 | D:6      | Reached skill level 6 in Unarmed Combat
  5590 | D:6      | Bought a potion of heal wounds for 87 gold pieces
  5590 | D:6      | Bought a scroll labeled JEATIMPUWK for 29 gold pieces
  5590 | D:6      | Bought a scroll labeled KHAOZX IRUGEUCO for 29 gold pieces
  5590 | D:6      | Bought a scroll labeled EHAUMERRUA for 29 gold pieces
  5600 | D:6      | Identified a +0 pair of boots of running (You acquired it on level 6 of the Dungeon)
  5687 | D:6      | Found Peipsag's Magical Wand Shoppe.
  5914 | D:6      | Found a staircase to the Orcish Mines.
  6072 | D:6      | Found Trasuh's Assorted Antiques.
  6140 | D:6      | Bought a scroll labeled BIFRUXK EFOU for 30 gold pieces
  6140 | D:6      | Bought a brown potion for 27 gold pieces
  6140 | D:6      | Bought a scroll labeled SHATEE THRED for 30 gold pieces
  6188 | D:6      | Reached skill level 6 in Dodging
  6188 | D:6      | Reached skill level 7 in Unarmed Combat
  6188 | D:6      | Reached XP level 8. HP: 53/66 MP: 7/7
  6906 | D:7      | Reached skill level 7 in Dodging
  6963 | D:7      | HP: 5/66 [hippogriff (5)]
  6966 | D:7      | Reached skill level 8 in Unarmed Combat
  7200 | D:7      | Noticed Pikel
  7551 | D:6      | Noticed Crazy Yiuf
  7557 | D:6      | Killed Crazy Yiuf
  7642 | D:7      | Noticed Edmund
  7655 | D:7      | Killed Edmund
  7655 | D:7      | Reached XP level 9. HP: 72/72 MP: 8/8
  7670 | D:7      | Found a radiant altar of Vehumet.
  7772 | D:6      | Killed Pikel
  7772 | D:6      | Reached skill level 8 in Dodging
  7772 | D:6      | Reached skill level 9 in Unarmed Combat
  7895 | D:7      | Found a staircase to the Ecumenical Temple.
  7905 | Temple   | Entered the Ecumenical Temple
  7948 | Temple   | Became a worshipper of Makhleb the Destroyer
  7948 | Temple   | Acquired Makhleb's first power
  7948 | Temple   | Acquired Makhleb's second power
  8249 | D:8      | Reached skill level 9 in Dodging
  8249 | D:8      | Reached skill level 10 in Unarmed Combat
  8520 | D:8      | Found an ancient bone altar of Kikubaaqudgha.
  8524 | D:8      | Found a sand-covered staircase.
  8609 | Ossuary  | Entered an ossuary
  8757 | Ossuary  | Acquired Makhleb's third power
  9014 | D:8      | Reached XP level 10. HP: 80/80 MP: 9/9
  9147 | D:8      | Noticed a hell beast
  9148 | D:8      | Found an ancient bone altar of Kikubaaqudgha.
  9396 | D:8      | Acquired Makhleb's fourth power
  9737 | D:8      | Noticed a three-headed hydra
  9871 | D:9      | Reached skill level 6 in Fighting
 10390 | D:9      | Reached skill level 10 in Dodging
 10517 | D:9      | Found a glowing silver altar of Zin.
 10825 | D:9      | Reached skill level 11 in Unarmed Combat
 11135 | D:10     | Entered Level 10 of the Dungeon
 11148 | D:10     | Reached skill level 7 in Fighting
 11180 | D:10     | Paralysed by a giant eyeball for 4 turns
 11273 | D:10     | Noticed Psyche
 11280 | D:10     | Identified the Catalogue of Changing (You found it on level 10 of the Dungeon)
 11395 | D:10     | Noticed a hill giant
 11427 | D:10     | Killed a hill giant
 11460 | D:10     | Noticed a hill giant
 11480 | D:10     | Killed a hill giant
 11488 | D:10     | Reached skill level 8 in Fighting
 11617 | D:10     | Noticed a hill giant
 11641 | D:10     | Killed a hill giant
 11641 | D:10     | Acquired Makhleb's fifth power
 11641 | D:10     | Reached XP level 11. HP: 90/90 MP: 10/10
 11706 | D:10     | Noticed a hill giant
 12021 | D:10     | Killed a hill giant
 12021 | D:10     | Reached skill level 12 in Unarmed Combat
 12049 | D:10     | Reached skill level 9 in Fighting
 12358 | D:10     | Killed Psyche
 12895 | D:11     | Found a staircase to the Lair.
 13106 | D:11     | Noticed an unseen horror
 13118 | D:11     | Killed an unseen horror
 13157 | D:11     | Reached skill level 10 in Fighting
 13351 | Lair:1   | Entered Level 1 of the Lair of Beasts
 13479 | Lair:1   | Reached skill level 1 in Invocations
 13488 | Lair:1   | Reached skill level 2 in Invocations
 13558 | Lair:1   | Reached skill level 3 in Invocations
 13700 | Lair:1   | Reached skill level 4 in Invocations
 14237 | Lair:1   | Reached skill level 5 in Invocations
 14601 | Lair:2   | Noticed Antunes' ghost (powerful MiBe)
 14614 | Lair:2   | Killed Antunes' ghost
 14614 | Lair:2   | Reached skill level 6 in Invocations
 14691 | Lair:2   | Got an ancient cap
 14692 | Lair:2   | Identified the +1 cap of Niduiwou {rPois rC+ Curse} (You found it on level 2 of the Lair of Beasts)
 14730 | Lair:2   | Reached skill level 7 in Invocations
 14976 | Lair:2   | Reached XP level 12. HP: 99/101 MP: 22/22
 15322 | Lair:2   | Reached skill level 8 in Invocations
 15837 | Lair:3   | Reached skill level 9 in Invocations
 16322 | Lair:3   | Found a staircase to the Snake Pit.
 16391 | Lair:3   | Noticed a four-headed hydra
 16401 | Lair:3   | Killed a four-headed hydra
 16401 | Lair:3   | Reached skill level 10 in Invocations
 16879 | Lair:3   | Reached skill level 13 in Unarmed Combat
 16940 | Lair:3   | Found a staircase to the Shoals.
 17618 | D:6      | Bought a pair of brightly glowing boots for 195 gold pieces
 17622 | D:6      | Identified the +1 pair of boots "Schezas" {Dex+4 Stlth--} (You bought it in a shop on level 6 of the Dungeon)
 17969 | Lair:4   | Noticed Nergalle
 18020 | Lair:4   | Reached skill level 11 in Dodging
 18199 | Lair:4   | Killed Nergalle
 19276 | Lair:5   | Reached XP level 13. HP: 99/107 MP: 25/25
 20001 | Lair:6   | Found a staircase to the Slime Pits.
 20438 | Lair:6   | Reached skill level 14 in Unarmed Combat
 20918 | Lair:6   | Got a brightly glowing scimitar
 20919 | Lair:6   | Identified the +2,+8 scimitar of Broken Luck {drain, MR+} (You found it on level 6 of the Lair of Beasts)
 20919 | Lair:6   | Identified the +2,+8 scimitar of Broken Luck {drain, MR+} (You found it on level 6 of the Lair of Beasts)
 21185 | Lair:6   | Reached skill level 12 in Dodging
 21428 | Lair:7   | Found a dark tunnel.
 22661 | Lair:8   | Entered Level 8 of the Lair of Beasts
 22668 | Lair:8   | Noticed a blizzard demon
 22831 | Lair:8   | Found a frozen archway.
 22898 | IceCv    | Entered an ice cave
 23158 | IceCv    | Got a fine turquoise ring
 23161 | IceCv    | Got a brightly glowing bone ring
 23182 | IceCv    | Identified the ring of Salvation {rC+ Str+3 Dex+3 Dam+2} (You found it in an ice cave)
 23389 | Lair:8   | Reached skill level 15 in Unarmed Combat
 23505 | Lair:8   | Identified the ring "Scheem" {Int+1 SInv} (You found it in an ice cave)
 23653 | Lair:8   | Reached skill level 11 in Fighting
 24047 | Lair:8   | Reached skill level 13 in Dodging
 24266 | Lair:8   | Reached XP level 14. HP: 94/117 MP: 27/27
 25082 | Lair:2   | Paralysed by a potion of paralysis for 4 turns
 25306 | Orc:1    | Entered Level 1 of the Orcish Mines
 25703 | Orc:2    | Reached skill level 12 in Fighting
 25752 | Orc:2    | Noticed Urug
 25764 | Orc:2    | Killed Urug
 26030 | Orc:2    | Found a radiant altar of Vehumet.
 26116 | Orc:2    | Found Plean's General Store.
 26167 | Orc:2    | Bought a potion of berserk rage for 36 gold pieces
 26167 | Orc:2    | Bought 2 potions of might for 60 gold pieces
 26167 | Orc:2    | Bought a potion of might for 30 gold pieces
 26557 | Orc:3    | Reached skill level 14 in Dodging
 26611 | Orc:3    | Found a roughly hewn altar of Beogh.
 26773 | Orc:4    | Entered Level 4 of the Orcish Mines
 27033 | Orc:4    | Found a staircase to the Elven Halls.
 27143 | Orc:4    | Found a labyrinth entrance.
 27152 | Lab      | Entered a labyrinth
 27631 | Lab      | Got a shimmering tin ring
 27632 | Lab      | Got a warped shield
 27641 | Orc:4    | Identified the +0 shield "Syfueg" {Int+5} (You found it in a labyrinth)
 28355 | Orc:4    | Paralysed by an orc sorcerer for 6 turns
 28454 | Orc:4    | Found Kumaatt's Antique Weapon Shoppe.
 28551 | Orc:4    | Reached skill level 15 in Dodging
 28601 | Orc:4    | Reached skill level 13 in Fighting
 28642 | Orc:4    | Found Noucvyra's Armour Shop.
 28642 | Orc:4    | Found Muaqi's Magical Wand Shop.
 28661 | Orc:4    | Found Khoebun's Magic Scroll Shoppe.
 28670 | Orc:4    | Bought a scroll of enchant armour for 55 gold pieces
 28670 | Orc:4    | Bought a scroll of identify for 20 gold pieces
 28670 | Orc:4    | Bought a scroll of identify for 20 gold pieces
 28670 | Orc:4    | Bought a scroll of identify for 20 gold pieces
 28671 | Orc:4    | Identified the ring "Peluoluo" {Regen Dex+2 Int+3} (You found it in a labyrinth)
 28705 | Orc:4    | Identified a +4 rod of demonology (11/11) (You found it in a labyrinth)
 28706 | Orc:4    | Identified a +4 rod of destruction (9/9) (You found it in a labyrinth)
 28714 | Orc:4    | Bought a wand of digging (15) for 418 gold pieces
 28723 | Orc:4    | Bought a +1 buckler of protection for 334 gold pieces
 29236 | D:12     | Reached skill level 1 in Shields
 29357 | D:12     | Noticed Nessos
 29362 | D:12     | Reached skill level 2 in Shields
 29386 | D:12     | Killed Nessos
 29386 | D:12     | Reached skill level 3 in Shields
 29579 | D:12     | Paralysed by a skeletal warrior for 5 turns
 29604 | D:12     | Reached skill level 4 in Shields
 29737 | D:12     | Noticed Grum
 29789 | D:12     | Killed Grum
 29953 | D:12     | Reached skill level 5 in Shields
 29954 | D:12     | Noticed Fannar
 29968 | D:12     | Killed Fannar
 30327 | D:13     | Noticed Maurice
 30341 | D:13     | Killed Maurice
 30479 | D:13     | Reached skill level 6 in Shields
 30507 | D:13     | Noticed Sonja
 30522 | D:13     | Cast into the Abyss (Sonja)
 30522 | Abyss:1  | Found a corrupted altar of Lugonu.
 30766 | Abyss:1  | Found a corrupted altar of Lugonu.
 30843 | Abyss:1  | Noticed a lich
 30854 | Abyss:1  | Killed a lich
 30854 | Abyss:1  | Reached XP level 15. HP: 128/128 MP: 28/28
 30898 | Abyss:1  | Reached skill level 7 in Shields
 31170 | Abyss:1  | Slain by a stone giant

Vanquished Creatures
  A lich (Abyss:1)
  A minotaur (Lab)
  4 hydras
  Fannar (D:12)
  The ghost of Antunes the Hoplite, a powerful MiBe of Trog (Lair:2)
  An ice dragon (Lair:8)
  Nessos (D:12)
  A death yak (Lair:8)
  4 orc high priests
  Nergalle (Lair:4)
  A large abomination (Abyss:1)
  4 skeletal warriors (D:12)
  An unseen horror (D:11)
  2 ice statues (IceCv)
  Pikel (D:6)
  5 hill giants
  4 orc sorcerers (Orc:4)
  4 orc knights
  A cyclops (D:12)
  2 griffons
  2 elephants (Lair:8)
  Maurice (D:13)
  2 spiny worms
  A deep elf summoner (Orc:4)
  4 black mambas
  9 spiny frogs
  Psyche (D:10)
  A hellwing (IceCv)
  An orange demon (Lair:8)
  A purple draconian skeleton (Abyss:1)
  4 fire drakes
  3 trolls
  A death drake zombie (Abyss:1)
  An ancient zyme (Abyss:1)
  A two-headed ogre (D:11)
  9 komodo dragons
  3 polar bears
  A guardian serpent zombie (Abyss:1)
  A grizzly bear (Lair:7)
  A queen bee (Lair:3)
  A snapping turtle (Lair:3)
  A boulder beetle (Lair:8)
  14 blink frogs
  A deep elf mage (Orc:4)
  2 wyverns (Lair:8)
  3 shadows
  A shark (Lair:3)
  A brown ooze (shapeshifter) (Abyss:1)
  A redback (Orc:4)
  A wraith (D:10)
  25 yaks
  4 basilisks
  8 hippogriffs
  A hill giant zombie (D:10)
  A ynoxinul (Abyss:1)
  2 hungry ghosts (D:10)
  Grum (D:12)
  3 manticores
  10 deep elf fighters (Orc:4)
  Edmund (D:7)
  15 wolves
  3 small abominations (Abyss:1)
  3 hell hounds
  A necrophage (D:6)
  9 porcupines
  3 sky beasts
  4 black bears
  A yellow wasp (D:11)
  17 ice beasts
  3 phantoms
  5 giant goldfish (Lair:5)
  A boring beetle (Lair:8)
  10 centaurs
  4 ogres
  7 starcursed masses (Abyss:1)
  3 nagas (Lair:3)
  26 orc warriors
  14 crocodiles
  8 wargs
  3 big kobolds
  16 giant frogs
  7 giant slugs
  12 water moccasins
  8 agate snails
  A gnoll sergeant (D:10)
  A wyvern skeleton (D:10)
  5 jellyfish
  A yak skeleton (D:12)
  37 killer bees
  7 wights
  12 crimson imps
  A giant frog zombie (D:12)
  A goliath beetle (D:9)
  27 orc priests
  2 centaur zombies (Ossuary)
  A jelly (D:10)
  Crazy Yiuf (D:6)
  9 big fish
  5 scorpions
  2 centaur skeletons
  An iron imp (Abyss:1)
  16 hounds
  8 iguanas
  31 orc wizards
  27 sheep
  7 worker ants
  A big kobold zombie (Ossuary)
  Ijyb (D:2)
  Jessica (D:2)
  2 ogre skeletons
  3 mummies
  A hound skeleton (D:7)
  A worker ant zombie (D:5)
  24 adders
  3 giant centipedes
  69 green rats
  A lemure (Abyss:1)
  2 giant mites
  12 gnolls
  An inept feature mimic (D:7)
  An inept item mimic (Orc:2)
  A white imp (Abyss:1)
  2 worms
  2 goliath beetle zombies
  An iguana skeleton (D:7)
  4 adder zombies (Ossuary)
  A giant eyeball (D:10)
  26 giant geckos
  3 oozes
  136 orcs
  27 bats
  4 giant cockroaches
  25 goblins
  11 hobgoblins
  6 quokkas
  3 ball pythons
  A giant gecko skeleton (D:6)
  9 giant newts
  2 giant spores
  3 goblin zombies
  10 hobgoblin zombies (Ossuary)
  33 jackals
  2 jackal zombies (Ossuary)
  21 kobolds
  5 kobold zombies (Ossuary)
  An orc skeleton (D:8)
  17 orc zombies
  20 rats
  A rat zombie (Ossuary)
  27 ballistomycetes
  A bush (Lair:3)
  A fungus (D:6)
  2 plants
1088 creatures vanquished.

Vanquished Creatures (collateral kills)
  4 hydras
  2 ice dragons (IceCv)
  2 death yaks (Lair:8)
  Urug (Orc:2)
  An elephant (Lair:8)
  2 spiny frogs (Lair:3)
  An orange demon (Abyss:1)
  3 blink frogs
  A basilisk (Lair:6)
  2 starcursed masses (Abyss:1)
  A neqoxec (Abyss:1)
  3 ice beasts (IceCv)
  A naga (Lair:3)
  A crocodile (Lair:7)
  4 killer bees (Lair:3)
  A quasit (Abyss:1)
  A sheep (Lair:7)
  An adder (Lair:3)
  A green rat (Lair:3)
  A shadow imp (Abyss:1)
  An orc (Orc:3)
35 creatures vanquished.

Vanquished Creatures (others)
  An orange demon (Lair:3)
  4 smoke demons
  2 hellwings
  A shadow (D:12)
  2 ynoxinuls
  A crimson imp (Lair:3)
  An iron imp (Lair:3)
  A hound skeleton (D:7)
  An orc zombie (Orc:4)
  7 ufetubi
  2 jackals (D:7)
  2 giant spores
  A ballistomycete (D:8)
  7 fungi
  3 plants
36 creatures vanquished.

Grand Total: 1159 creatures vanquished
